 Dungeon Crawl Stone Soup version 0.31-a0-40-g1d5085d191 (webtiles) character file.

Game seed: 11367728931927916412

22 frimble the Slasher (level 2, 0/26 HPs)
             Began as a Gnoll Reaver on May 17, 2023.
             Slain by a quokka (3 damage)
             ... on level 2 of the Dungeon.
             The game lasted 00:01:03 (831 turns).

frimble the Slasher (Gnoll Reaver)                   Turns: 831, Time: 00:01:03

Health: 0/26       AC:  3    Str: 11    XL:     2   Next: 91%
Magic:  7/7        EV: 12    Int: 12    God:
Gold:   56         SH:  0    Dex: 10    Spells: 9/10 levels left

rFire   . . .        a - +0 falchion
rCold   . . .        (no shield)
rNeg    . . .        b - +0 leather armour
rPois   .            (no helmet)
rElec   .            (no cloak)
rCorr   .            (no gloves)
SInv    .            (no boots)
Will    .....        (no amulet)
Stlth   +            (no ring)
HPRegen 0.24/turn    (no ring)
MPRegen 0.10/turn

%: no passive effects
@: no status effects
A: fangs 1, strong nose, distributed training
a: no special abilities


You were on level 2 of the Dungeon.
You visited 1 branch of the dungeon, and saw 2 of its levels.

You collected 56 gold pieces.

Inventory:

Hand Weapons
 a - a +0 falchion (weapon)
Armour
 b - a +0 leather armour (worn)
Potions
 c - a potion of brilliance
 d - a potion of haste {unknown}
 f - 2 potions of curing {unknown}


   Skills:
 + Level 4.5 Fighting
 + Level 0.5 Short Blades
 + Level 6.5 Long Blades
 + Level 0.5 Axes
 + Level 0.5 Maces & Flails
 + Level 0.5 Polearms
 + Level 0.5 Staves
 + Level 0.5 Ranged Weapons
 + Level 0.5 Throwing
 + Level 0.5 Armour
 + Level 4.5 Dodging
 + Level 0.5 Stealth
 + Level 0.5 Shields
 + Level 0.5 Unarmed Combat
 + Level 4.9 Spellcasting
 + Level 5.4 Conjurations
 + Level 0.4 Hexes
 + Level 0.4 Summonings
 + Level 0.4 Necromancy
 + Level 0.4 Translocations
 + Level 0.4 Transmutations
 + Level 0.4 Fire Magic
 + Level 0.4 Ice Magic
 + Level 0.4 Air Magic
 + Level 0.4 Earth Magic
 + Level 0.4 Poison Magic
 + Level 0.7 Invocations
 + Level 0.5 Evocations


You had 9 spell levels left.
You knew the following spells:

 Your Spells              Type           Power      Damage    Failure   Level
a - Kiss of Death         Conj/Necr      36%        2d8       9%          1

Your spell library contained the following spells:

 Spells                   Type           Power      Damage    Failure   Level
 Momentum Strike          Conj/Tloc      18%        3d8       12%         2
 Hailstorm                Conj/Ice       9%         3d4       24%         3


Dungeon Overview and Level Annotations

Branches:
Dungeon (2/15)

Altars:

Annotations:
D:2 Jessica


Innate Abilities, Weirdness & Mutations

You have very sharp teeth.
Your uncanny sense of smell can sniff out nearby items.
Your experience applies equally to all skills.


Message History

Jessica is severely wounded.
The quokka closely misses you. Jessica casts a spell at you.
Pain shoots through your body!
You are too injured to fight recklessly!
You are too injured to fight recklessly!
You are too injured to fight recklessly!
You are too injured to fight recklessly!
You are too injured to fight recklessly!
You are too injured to fight recklessly!
You are too injured to fight recklessly!
You are too injured to fight recklessly!
You are too injured to fight recklessly!
You are too injured to fight recklessly!
You are too injured to fight recklessly!
You are too injured to fight recklessly!
You are too injured to fight recklessly!
You are too injured to fight recklessly!
You hit Jessica but do no damage.
Jessica is severely wounded.
The quokka barely misses you.
Jessica hits you with a +7 dagger of protection.
The quokka bites you but does no damage.
You closely miss Jessica. Your bite misses Jessica.
Jessica is severely wounded.
Jessica drinks a potion.
Jessica suddenly seems more resistant.
The quokka bites you.
You hit Jessica but do no damage. Your bite misses Jessica.
Jessica is severely wounded.
Jessica hits you with a +7 dagger of protection.
The quokka barely misses you.
You closely miss Jessica.
Jessica is severely wounded.
The quokka closely misses you.
Jessica hits you with a +7 dagger of protection.
* * * LOW HITPOINT WARNING * * *
You barely miss Jessica. You bite Jessica, but do no damage.
Jessica is severely wounded.
The quokka bites you.
You die...

#..####....####
#..####......##
#....##.......#
#.##....#####..
#.###..##...##.
#.#....#!..)!#
#.#.#..#....!#
#.#.#..#)@r..#..
#.#....##.@.##..##
#.####..##'##.....
#.# #........###
#.## #.#..........
#..###.#...##..###
#......#....#..#
#.........#.#..#
#..............####
#####
#.....####........#


You could see Jessica (resistant) and a quokka.

Vanquished Creatures
  A worm (D:2)
  A dart slug (D:1)
  3 bats
  2 endoplasms (D:1)
  2 giant cockroaches
  3 kobolds (D:1)
  A quokka (D:1)
  2 ball pythons (D:1)
  A goblin (D:1)
  A rat (D:1)
17 creatures vanquished.

Notes
Turn   | Place    | Note
-------+----------+-------------------------------------------
     0 | D:1      | frimble the Gnoll Reaver began the quest for the Orb.
     0 | D:1      | Reached XP level 1. HP: 20/20 MP: 6/6
    67 | D:1      | Reached XP level 2. HP: 21/26 MP: 7/7
   145 | D:1      | Found a faded altar of an unknown god.
   822 | D:2      | Noticed Jessica
   831 | D:2      | Slain by a quokka

Illustrated notes

Levels and vault maps discovered:
D:1:      erik_arrival_orb_chamber, layout_basic, ebering_ecumenical_altar_webs
D:2:      layout_basic, kennysheep_jessica_study

Action                     || total
---------------------------++-------
  Melee: Falchion          ||    69
         Bite              ||     7
    Use: Scroll            ||     2
 Armour: Leather armour    ||    17
  Dodge: Dodged            ||    33

Table legend: (Time is in decaauts)
 A = Elapsed time spent in this place.
 B = Non-inter-level travel time spent in this place.
 C = Inter-level travel time spent in this place.
 D = Time resting spent in this place.
 E = Time spent auto-exploring this place.
 F = Levels seen in this place.
 G = Mean time per level.
                   A        B        C        D        E       F      G
               +--------+--------+--------+--------+--------+-----+--------+
         Total |    829 |    817 |     12 |      0 |    675 |   2 |  414.5 |
       Dungeon |    829 |    817 |     12 |      0 |    675 |   2 |  414.5 |
               +--------+--------+--------+--------+--------+-----+--------+

Top non-repeatable levels by time:
     D:1: 583 daAuts
     D:2: 246 daAuts
